 Dungeon Crawl Stone Soup version 0.28-a0-909-g796cbd3a86 (webtiles) character file.

Game seed: 1325861656731108465

899 Majang the Covert (level 8, 0/51 HPs)
             Began as a Kobold Delver on Nov 24, 2021.
             Was a Follower of Ashenzari.
             Succumbed to an adder's poison
             ... on level 5 of the Dungeon.
             The game lasted 00:23:09 (7296 turns).

Majang the Covert (Kobold Delver)                   Turns: 7296, Time: 00:23:10

Health: 0/51       AC:  7    Str: 11    XL:     8   Next: 28%
Magic:  8/8        EV: 14    Int: 11    God:    Ashenzari [*.....]
Gold:   209        SH:  5    Dex: 17    Spells: 7/7 levels left

rFire   + . .      SeeInvis .   d - +0 flail
rCold   + + .      Faith    .   (shield restricted)
rNeg    . . .      Spirit   .   j - +0 ring mail
rPois   +          Reflect  +   (no helmet)
rElec   +          Harm     .   (no cloak)
rCorr   +          Rampage  .   m - +1 pair of gloves "At What Cost Knowledge?" {Cun, Elem} (curse)
Will    .....                   (no boots)
Stlth   +++++.....              s - amulet of Ashenzari's Vision {Reflect SH+5, Evo, Fort} (curse)
HPRegen 0.17/turn               h - ring of protection from cold
MPRegen 0.11/turn               (no ring)

@: lethally poisoned (0 -> -2), resistant
A: small, no large weapons, nightstalker 3
a: Renounce Religion, Shatter the Chains


You were on level 5 of the Dungeon.
You worshipped Ashenzari.
Ashenzari was aware of your devotion.
You visited 2 branches of the dungeon, and saw 8 of its levels.

You collected 209 gold pieces.

Inventory:

Hand Weapons
 a - a +0 mace
 d - a +0 flail (weapon)
Missiles
 l - 4 boomerangs (quivered)
Armour
 j - a +0 ring mail (worn)
 k - a +0 chain mail
 m - the cursed +1 pair of gloves "At What Cost Knowledge?" (worn) {Cun, Elem}
   (You found it on level 2 of the Dungeon)

   It has a curse which improves the following skills: Cunning: Dodging and
   Stealth.
   Elements:  Fire Magic, Ice Magic, Air Magic and Earth Magic.
 q - a +0 scale mail
Jewellery
 h - a ring of protection from cold (left hand)
 i - an amulet of magic regeneration
 s - the cursed amulet of Ashenzari's Vision (around neck) {Reflect SH+5, Evo, Fort}
   (You found it on level 4 of the Dungeon)

   [amulet of reflection]

   It reflects blocked missile attacks.
   SH:        It affects your SH (+5).
   It has a curse which improves the following skills: Evocations: Evocations.
   Fortitude: Armour and Shields.
Wands
 g - a wand of digging (3)
Scrolls
 b - a scroll of teleportation
 c - a scroll of fog
 e - 2 scrolls of fear
Potions
 f - 2 potions of haste


   Skills:
 + Level 6.0 Fighting
 * Level 6.0 Maces & Flails
 + Level 0.9(1.5) Armour
 + Level 3.0(3.9) Dodging
 - Level 8.0(9.0) Stealth
 + Level 0.5(1.0) Shields
 + Level 1.0(1.6) Evocations


You had 7 spell levels left.
You didn't know any spells.
Your spell library contained the following spells:

 Spells                   Type           Power      Damage    Failure   Level
 Gell's Gravitas          Tloc           0%         N/A       94%         3
 Teleport Other           Tloc           0%         N/A       94%         3
 Dispersal                Tloc           0%         N/A       100%        6


Dungeon Overview and Level Annotations

Branches:
Dungeon (7/15)             Temple (1/1) D:4

Altars:
Ashenzari
Cheibriados
Dithmenos
Elyvilon
Fedhas
Gozag
Hepliaklqana
Kikubaaqudgha
Makhleb
Nemelex Xobeh
Okawaru
Qazlal
Ru
Sif Muna
Trog
Vehumet
Wu Jian
Xom
Yredelemnul
Zin
The Shining One

Shops:
D:5 [   D:7 **

Annotations:
D:3 3 runed translucent doors, Sigmund
D:6 Menkaure


Innate Abilities, Weirdness & Mutations

You are small and have problems with some larger weapons.
You are completely attuned to the shadows.


Message History

You closely miss the scorpion.
The scorpion is almost dead.
You feel very sick. The adder bites you but does no damage.
The scorpion stings you.
* * * LOW HITPOINT WARNING * * *
You hit the scorpion.
You kill the scorpion!
* * * LOW HITPOINT WARNING * * *
You feel very sick. You block the adder's attack. The adder misses you.
Your Dodging skill increases to level 3!
Your Evocations skill increases to level 1!
You hit the adder.
The adder is moderately wounded.
* * * LOW HITPOINT WARNING * * *
You feel very sick. The adder closely misses you.
You barely miss the adder.
The adder is moderately wounded.
* * * LOW HITPOINT WARNING * * *
You feel sick. You block the adder's attack. The adder barely misses you.
You closely miss the adder.
The adder is moderately wounded.
* * * LOW HITPOINT WARNING * * *
You feel sick. The adder barely misses you.
You closely miss the adder.
The adder is moderately wounded.
* * * LOW HITPOINT WARNING * * *
You feel sick.
The adder bites you but does no damage. x2
You feel protected.
* * * LOW HITPOINT WARNING * * *
You feel sick. The adder closely misses you.
Unknown command.
You hit the adder.
The adder is almost dead.
* * * LOW HITPOINT WARNING * * *
You feel sick. The adder closely misses you.
You hit the adder.
You kill the adder!
You die...

.....####... ..
#.#...##.... #..
.......##... #..
###.......#.
.####.### ##.#..###.
.).....####.#..###.
#............##...
.###.................
....@................
.....#...............
.....##.......#..#..#
.....# ......##.##
#....# ..


There were no monsters in sight!

Vanquished Creatures
  2 water moccasins
  An ogre (D:5)
  A phantom (D:5)
  2 scorpions
  A water moccasin skeleton (D:4)
  A howler monkey (D:4)
  A hound (D:5)
  An orc priest (D:3)
  Jessica (D:2)
  2 iguanas
  3 orc wizards
  A gnoll (D:1)
  5 adders
  An ufetubus (D:5)
  A worm (D:3)
  3 dart slugs
  6 orcs
  8 bats
  7 endoplasms
  3 giant cockroaches
  5 goblins
  4 hobgoblins
  3 jackals (D:1)
  8 kobolds
  A quokka (D:3)
  5 ball pythons
  2 frilled lizards (D:1)
  7 rats
86 creatures vanquished.

Notes
Turn   | Place    | Note
-------+----------+-------------------------------------------
     0 | D:5      | Majang the Kobold Delver began the quest for the Orb.
     0 | D:5      | Reached XP level 1. HP: 14/14 MP: 1/1
    61 | D:4      | Noticed a howler monkey
    87 | D:4      | Killed a howler monkey
    88 | D:4      | Reached skill level 7 in Stealth
    88 | D:4      | Reached XP level 2. HP: 13/19 MP: 2/2
    88 | D:4      | Reached XP level 3. HP: 15/23 MP: 3/3
   451 | D:3      | Noticed Sigmund
   578 | D:3      | Reached XP level 4. HP: 17/28 MP: 4/4
   775 | D:3      | Found a runed translucent gate.
   775 | D:3      | Found a runed translucent gate.
   775 | D:3      | Found a runed translucent gate.
  1616 | D:2      | Reached skill level 8 in Stealth
  2283 | D:1      | Reached XP level 5. HP: 33/33 MP: 5/5
  3010 | D:2      | You fall into a shaft and drop 1 floor!
  3612 | D:2      | Noticed Jessica
  3643 | D:2      | Killed Jessica
  3835 | D:3      | Found a faded altar of an unknown god.
  4485 | D:3      | Reached XP level 6. HP: 25/39 MP: 6/6
  4640 | D:4      | Found a staircase to the Ecumenical Temple.
  4646 | Temple   | Entered the Ecumenical Temple
  4679 | Temple   | Became a worshipper of Ashenzari the Shackled
  5106 | D:4      | You fall into a shaft and drop 3 floors!
  5106 | D:7      | Found Yhixatar's General Store.
  5106 | D:7      | Found Diaqaocw's Specific Store.
  5145 | D:7      | Noticed a sky beast
  5172 | D:6      | Noticed Menkaure
  5410 | D:6      | Reached XP level 7. HP: 44/44 MP: 7/7
  5645 | D:4      | Noticed a water moccasin
  5653 | D:4      | Killed a water moccasin
  5654 | D:4      | Reached skill level 5 in Fighting
  6240 | D:4      | Reached skill level 5 in Maces & Flails
  6752 | D:5      | Noticed a water moccasin
  6770 | D:5      | Killed a water moccasin
  7037 | D:5      | Reached * piety under Ashenzari
  7058 | D:5      | Reached XP level 8. HP: 51/51 MP: 8/8
  7290 | D:5      | Reached skill level 1 in Evocations
  7295 | D:5      | HP: 2/51 [poisoned by an adder]
  7296 | D:5      | Succumbed to an adder's poison

Illustrated notes

Levels and vault maps discovered:
D:1:      dpeg_arrival_leaves_temple_mockup, layout_rooms
D:2:      layout_rooms, uniq_jessica
D:3:      layout_basic, gammafunk_ghost_cemetery,
          shapermc_ecumenical_altar_mp_highgroup, uniq_sigmund
D:4:      layout_cave_pods, minmay_temple_entry_glass
D:5:      layout_cave_pools, serial_shops, shop_statue
D:6:      layout_loops_cross, gammafunk_ghost_stat_death, uniq_menkaure,
          uniq_crazy_yiuf_cottage, uniq_duvessa
D:7:      cheibrodos_barr_body, layout_loops_ring,
          nicolae_uskayaw_murder_on_the_dancefloor,
          chequers_serial_rivers_micro_a, nicolae_specific_store, st_stairs_7,
          uniq_joseph
Temple:   mainiacjoe_temple_hex_bubbles

Skill      XL: |  1  2  3  4  5  6  7  8 |
---------------+-------------------------+-----
Maces & Flails | 2 3 4 5 6 |  6.0
Stealth        | 7 8 |  8.0
Fighting       | 4 5 6 |  6.0
Dodging        | 3 |  3.0
Evocations     | 1 |  1.0
Armour         | |  0.9
Shields        | |  0.5

Action                   |  1- 3 |  4- 6 |  7- 9 || total
-------------------------+-------+-------+-------++-------
Melee: Mace              |    34 |   236 |       ||   270
       Flail             |       |    52 |   105 ||   157
Throw: Boomerang         |       |       |     3 ||     3
Invok: Curse Item        |       |       |     2 ||     2
  Use: Scroll            |       |     1 |     4 ||     5
       Potion            |       |       |     3 ||     3
 Stab: Sleeping          |     4 |    30 |     5 ||    39
       Distracted        |       |     1 |       ||     1
Armor: Leather armour    |    13 |    17 |       ||    30
       Ring mail         |       |    82 |    17 ||    99
       Skin              |       |       |    10 ||    10
Dodge: Dodged            |    32 |   200 |    66 ||   298
Block: Other             |       |       |    25 ||    25

Table legend: (Time is in decaauts)
 A = Elapsed time spent in this place.
 B = Non-inter-level travel time spent in this place.
 C = Inter-level travel time spent in this place.
 D = Time resting spent in this place.
 E = Time spent auto-exploring this place.
 F = Levels seen in this place.
 G = Mean time per level.
                   A        B        C        D        E       F      G
               +--------+--------+--------+--------+--------+-----+--------+
         Total |   7403 |   7041 |    362 |   2828 |   1852 |   8 |  925.4 |
       Dungeon |   6987 |   6704 |    283 |   2716 |   1852 |   7 |  998.1 |
        Temple |    415 |    336 |     79 |    112 |      0 |   1 |  415.0 |
               +--------+--------+--------+--------+--------+-----+--------+

Top non-repeatable levels by time:
     D:3: 2229 daAuts
     D:4: 1595 daAuts
     D:1: 1077 daAuts
     D:2: 1041 daAuts
     D:5: 658 daAuts
  Temple: 415 daAuts
     D:6: 325 daAuts
     D:7: 59 daAuts
